 Dungeon Crawl Stone Soup version 0.27-a0-883-g39567a0c06 (webtiles) character file.

Game seed: 5524045989556161896

23 Essalna the Magician (level 3, 0/25 HPs)
             Began as a Djinni Venom Mage on Apr 3, 2021.
             Slain by a howler monkey zombie (4 damage)
             ... on level 3 of the Dungeon.
             The game lasted 00:01:41 (1441 turns).

Essalna the Magician (Djinni Venom Mage)            Turns: 1441, Time: 00:01:42

Health: 0/25       AC:  2    Str:  7    XL:     3   Next: 0%
Gold:   51         EV: 12    Int: 17    God:
                   SH:  0    Dex: 13

rFire    + + .     SeeInvis .   b - staff of cold
rCold    . . .     Faith    .   (no shield)
rNeg     . . .     Spirit   .   a - +0 robe
rPois    ∞         Reflect  .   (no helmet)
rElec    .         Harm     .   (no cloak)
rCorr    .         Rampage  .   (no gloves)
Will     .....                  (boots unavailable)
Stlth    ++........             (no amulet)
HPRegen  0.08/turn              (no ring)
MPRegen  0.00/turn              (no ring)

@: flying
A: fire resistance 2, cold vulnerability 1, float, innate caster, hp casting,
extra vitality 1
a: no special abilities


You were on level 3 of the Dungeon.
You visited 1 branch of the dungeon, and saw 3 of its levels.

You collected 51 gold pieces.

Inventory:

Armour
 a - a +0 robe (worn)
Magical Staves
 b - a staff of cold (weapon)
Scrolls
 d - 3 scrolls of blinking {unknown}
 e - a scroll of brand weapon {unknown}
 g - a scroll of amnesia {unknown}
 h - a scroll of fog {unknown}
 i - a scroll of identify {unknown}
Potions
 c - a potion of heal wounds {unknown}
 f - a potion of might {unknown}


   Skills:
 - Level 2.1 Dodging
 - Level 1.5 Stealth
 + Level 3.5 Spellcasting


You couldn't memorise any spells.
You knew the following spells:

 Your Spells              Type           Power      Damage    Failure   Level
a - Sting                 Tmut/Pois      60%        1d6       3%          1
b - Poisonous Vapours     Pois/Air       30%        N/A       6%          2
c - Mephitic Cloud        Conj/Pois/Air  15%        N/A       12%         3
d - Ignite Poison         Fire/Tmut/Pois 15%        N/A       12%         3
e - Olgreb's Toxic Radia  Pois           15%        N/A       36%         4
f - Magic Dart            Conj           60%        1d6       3%          1
Your spell library was empty.

Dungeon Overview and Level Annotations

Branches:
Dungeon (2/15)

Altars:

Shops:
D:2 *


Innate Abilities, Weirdness & Mutations

You are immune to poison.
Your flesh is very heat resistant. (rF++)
You are vulnerable to cold. (rC-)
You float through the air rather than walking.
You learn spells naturally, not from books.
Your magical power is your life essence.
You have superior vitality. (+4 HP)


Message History

Your experience leads to an increase in your attributes!
Increase (S)trength, (I)ntelligence, or (D)exterity?
You feel clever.
The power to cast Magic Dart wells up from within.
Spell assigned to 'f'.
Casting: Sting (safe; 3% risk of failure)
Confirm with . or Enter, or press ? or * to list all spells.
Aiming: Sting (safe; 3% risk of failure)
Press: ? - help, Shift-Dir - straight line, f/p - howler monkey zombie
Aim: a howler monkey zombie (moderately damaged, 12% to evade)
The sting hits the howler monkey zombie.
The howler monkey zombie partially resists.
The howler monkey zombie is moderately damaged.
The howler monkey zombie misses you.
Your magical contamination has completely faded away.
Casting: Sting (safe; 3% risk of failure)
Confirm with . or Enter, or press ? or * to list all spells.
Aiming: Sting (safe; 3% risk of failure)
Press: ? - help, Shift-Dir - straight line, f/p - howler monkey zombie
Aim: a howler monkey zombie (moderately damaged, 12% to evade)
The sting hits the howler monkey zombie.
The howler monkey zombie partially resists.
The howler monkey zombie is moderately damaged.
The howler monkey zombie hits you.
* * * LOW HITPOINT WARNING * * *
Casting: Sting (safe; 3% risk of failure)
Confirm with . or Enter, or press ? or * to list all spells.
Aiming: Sting (safe; 3% risk of failure)
Press: ? - help, Shift-Dir - straight line, f/p - howler monkey zombie
Aim: a howler monkey zombie (moderately damaged, 12% to evade)
The sting hits the howler monkey zombie.
The howler monkey zombie partially resists.
The howler monkey zombie is heavily damaged.
* * * LOW HITPOINT WARNING * * *
The howler monkey zombie hits you.
* * * LOW HITPOINT WARNING * * *
You hit the howler monkey zombie.
The howler monkey zombie is heavily damaged.
The howler monkey zombie hits you.
You die...

### ..# ##+## #.#
##...##
#.###.....## ##
#.##.......#
##...##.#.........#
#.......Z@........+
##...##.#....>....#
#. #.##.......##
..###.....## ####
##...## #+##


You could see a howler monkey zombie.

Vanquished Creatures
  A dart slug (D:3)
  A ball python (D:1)
  4 bats (D:1)
  2 endoplasms (D:1)
  A goblin (D:1)
  2 hobgoblins (D:1)
  2 kobolds (D:1)
  3 quokkas
  A frilled lizard (D:1)
  3 rats (D:1)
20 creatures vanquished.

Notes
Turn   | Place    | Note
-------+----------+-------------------------------------------
     0 | D:1      | Essalna the Djinni Venom Mage began the quest for the Orb.
     0 | D:1      | Reached XP level 1. HP: 15/15 MP: 0/0
   292 | D:1      | Reached skill level 3 in Spellcasting
   299 | D:1      | Reached XP level 2. HP: 8/21 MP: 0/0
  1183 | D:2      | Found Nariept's Assorted Antiques.
  1229 | D:2      | You are sucked into a shaft and drop 1 floor!
  1438 | D:3      | Reached XP level 3. HP: 12/25 MP: 0/0
  1438 | D:3      | Learned a level 1 spell: Magic Dart
  1441 | D:3      | Slain by a howler monkey zombie

Illustrated notes

Levels and vault maps discovered:
D:1:      matt_arrival_los_fun, layout_basic
D:2:      layout_rooms, serial_shops, shop_statue, basic_altar,
          kennysheep_small_spiral, roderic_lattice_a, uniq_jessica
D:3:      layout_loops_corners, nicolae_gozag_seed_capital

Skill      XL: |  1 |
---------------+----+-----
Spellcasting   | 3 |  3.5
Dodging        | |  2.1
Stealth        | |  1.5

Action                   || total
-------------------------++-------
Melee: Staff             ||    11
 Cast: Sting             ||    46
 Stab: Sleeping          ||     1
Armor: Robe              ||     2
Dodge: Dodged            ||    26

Table legend: (Time is in decaauts)
 A = Elapsed time spent in this place.
 B = Non-inter-level travel time spent in this place.
 C = Inter-level travel time spent in this place.
 D = Time resting spent in this place.
 E = Time spent auto-exploring this place.
 F = Levels seen in this place.
 G = Mean time per level.
                   A        B        C        D        E       F      G
               +--------+--------+--------+--------+--------+-----+--------+
         Total |   1442 |   1435 |      7 |      0 |   1291 |   3 |  480.7 |
       Dungeon |   1442 |   1435 |      7 |      0 |   1291 |   3 |  480.7 |
               +--------+--------+--------+--------+--------+-----+--------+

Top non-repeatable levels by time:
     D:1: 1161 daAuts
     D:3: 211 daAuts
     D:2: 68 daAuts
